 Dungeon Crawl Stone Soup version 0.31-a0-640-g39d97e502b (webtiles) character file.

Game seed: 15853514688877093745

49 qw the Shooter (level 3, -3/22 HPs)
             Began as a Gargoyle Hunter on Aug 27, 2023.
             Slain by a worm (7 damage)
             ... on level 2 of the Dungeon.
             The game lasted 00:00:25 (753 turns).

qw the Shooter (Gargoyle Hunter)                     Turns: 753, Time: 00:00:25

Health: -3/22      AC:  8    Str: 14    XL:     3   Next: 77%
Magic:  3/3        EV: 11    Int:  9    God:
Gold:   38         SH:  0    Dex: 15    Spells: 2/2 levels left

rFire   . . .        Y - +0 shortbow
rCold   . . .        (shield currently unavailable)
rNeg    + . .        c - +0 leather armour
rPois   inf          (no helmet)
rElec   +            (no cloak)
rCorr   .            (no gloves)
SInv    .            j - +1 pair of boots
Will    .....        (no amulet)
Stlth   ++           (no ring)
HPRegen 0.23/turn    (no ring)
MPRegen 0.08/turn

%: no passive effects
@: no status effects
A: sickness immunity, AC +3, negative energy resistance 1, electricity
resistance, torment resistance 1, petrification resistance
a: no special abilities


You were on level 2 of the Dungeon.
You visited 1 branch of the dungeon, and saw 2 of its levels.

You collected 38 gold pieces.


Innate Abilities, Weirdness & Mutations

You are immune to sickness and miasma.
Your stone body is resilient. (AC +3)
You are immune to poison.
You resist negative energy. (rN+)
You are resistant to electric shocks. (rElec)
You are resistant to unholy torment.
You are immune to petrification.


   Skills:
 + Level 2.8 Fighting
 - Level 5.0 Ranged Weapons
 - Level 1.5 Dodging
 - Level 1.1 Stealth


You had 2 spell levels left.
You didn't know any spells.
Your spell library was empty.

Inventory:

Hand Weapons
 Y - a +0 shortbow (weapon)
Armour
 a - a +0 ring mail
 c - a +0 leather armour (worn)
 j - a +1 pair of boots (worn)
Scrolls
 b - 2 scrolls of identify {unknown}
Potions
 d - a potion of berserk rage {unknown}
 f - 5 potions of curing {unknown}
 k - a potion of attraction {unknown}

Dungeon Overview and Level Annotations

Branches:
Dungeon (2/15)

Altars:


Message History

You see here a +0 club.
A worm comes into view.
You shoot an arrow.
The arrow hits the worm but does no damage.
You shoot an arrow. The arrow barely misses the worm.
You shoot an arrow. The arrow hits the worm.
The worm is lightly wounded.
You shoot an arrow.
The arrow hits the worm but does no damage.
The worm is lightly wounded.
You shoot an arrow.
The arrow hits the worm but does no damage.
The worm is lightly wounded.
The worm barely misses you.
You shoot an arrow.
The arrow hits the worm but does no damage.
The worm is lightly wounded.
The worm closely misses you.
You shoot an arrow. The arrow hits the worm.
The worm is lightly wounded.
You shoot an arrow.
The arrow hits the worm but does no damage.
The worm is lightly wounded.
The worm bites you.
You shoot an arrow. The arrow hits the worm.
The worm is moderately wounded.
The worm bites you.
You shoot an arrow.
The arrow hits the worm but does no damage.
The worm is moderately wounded.
You shoot an arrow. The arrow hits the worm.
The worm is moderately wounded.
The worm bites you.
You shoot an arrow. The arrow barely misses the worm.
The worm bites you.
You shoot an arrow.
The arrow hits the worm but does no damage.
The worm is moderately wounded.
The worm bites you!
You die...

#..........#.........
##.#
#/.........#.###.#...
#.#
#..........#.........
..#
#.............##....#
#.
#....)..............
#.8.8.8.8.....##.#
#########..##....
#.......## ##w## #.
#..##...# #@.####..#
##.### ##........
#..# #....#... ###.##
###......# #....#
#...##.### #....#
####.### ...
#....###....# #.#
#........#### ...
#....##### ##


You could see a worm.

Vanquished Creatures
  An adder (D:2)
  2 dart slugs (D:2)
  3 ball pythons
  3 bats
  3 endoplasms
  10 goblins
  2 hobgoblins
  2 kobolds (D:1)
  2 quokkas (D:1)
  2 frilled lizards (D:1)
  A rat (D:2)
31 creatures vanquished.

Notes
Turn   | Place    | Note
-------+----------+-------------------------------------------
     0 | D:1      | qw the Gargoyle Hunter began the quest for the Orb.
     0 | D:1      | Reached XP level 1. HP: 12/12 MP: 1/1
     0 | D:1      | 0 ||| qw: Version: 0.3-a-74-g0d5e918
     0 | D:1      | 0 ||| qw: Game counter: 16
     0 | D:1      | 0 ||| qw: Melee chars always use a shield: true
     0 | D:1      | 0 ||| qw: God list: Okawaru
     0 | D:1      | 0 ||| qw: Allow faded altars: false
     0 | D:1      | 0 ||| qw: Do Orc after clearing Dungeon:15 true
     0 | D:1      | 0 ||| qw: Do second Lair branch before Depths: true
     0 | D:1      | 0 ||| qw: Lair rune preference: random
     0 | D:1      | 0 ||| qw: Goals: Normal
     0 | D:1      | 0 ||| PLANNING D:1-11
   211 | D:1      | Reached XP level 2. HP: 17/17 MP: 2/2
   303 | D:1      | Found a faded altar of an unknown god.
   477 | D:1      | 477 ||| UPGRADING to +0 pair of boots.
   482 | D:1      | 482 ||| UPGRADING to +1 pair of boots.
   492 | D:1      | 492 ||| DROPPING +0 pair of boots.
   493 | D:1      | 493 ||| READING scroll labelled FECSEGG NESUES.
   494 | D:1      | 494 ||| READING scroll labelled ICIAGO NUIRCH.
   498 | D:1      | 498 ||| READING scroll labelled HEITEMPAITOI.
   499 | D:1      | 499 ||| READING scroll labelled BUWAL GUKIWK.
   500 | D:1      | 500 ||| DROPPING scroll of butterflies.
   538 | D:2      | 538 ||| FLEEEEING.
   539 | D:2      | 539 ||| FLEEEEING.
   540 | D:2      | 540 ||| FLEEEEING.
   541 | D:2      | 541 ||| FLEEEEING.
   591 | D:2      | Reached skill level 5 in Ranged Weapons
   591 | D:2      | Reached XP level 3. HP: 15/21 MP: 3/3
   752 | D:2      | HP: 4/22 [worm (5)]
   753 | D:2      | Slain by a worm

Levels and vault maps discovered:
D:1:      elethiomel_arrival_quiet, layout_basic,
          hellmonk_ecumenical_altar_pennies_from_heaven
D:2:      kennysheep_the_goblin_king, layout_rooms, serial_glass,
          glass_columns_a, glass_columns_c, due_unseen_surprise,
          minmay_strange_pillars, item_on_display_a

Skill      XL: |  1  2 |
---------------+-------+-----
Ranged Weapons | 5 |  5.0
Fighting       | |  2.8
Dodging        | |  1.5
Stealth        | |  1.1

Action                     || total
---------------------------++-------
   Fire: Shortbow          ||   102
    Use: Scroll            ||     4
 Armour: Leather armour    ||    28
  Dodge: Dodged            ||    36

Table legend:
 A = Non-vault XP
 B = Vault XP
 C = Vault XP percentage of total XP
 D = Non-vault monster count
 E = Vault monster count
 F = Vault count percentage of total count
                 A         B        C        D         E       F
            +---------+---------+-------+---------+---------+-------
      Total |      58 |      13 |  18.3 |      24 |       7 |  22.6
            +---------+---------+-------+---------+---------+-------
        D:1 |      23 |       0 |   0.0 |      13 |       0 |   0.0
        D:2 |      35 |      13 |  27.1 |      11 |       7 |  38.9
            +---------+---------+-------+---------+---------+-------
